 Dungeon Crawl Stone Soup version 0.31-a0-507-gbafd7f5274 (webtiles) character file.

Game seed: 3194524517845285217

42 MackTheKnife the Ducker (level 3, 0/28 HPs)
             Began as a Merfolk Warper on Aug 9, 2023.
             Frozen to death by an endoplasm (2 damage)
             ... on level 2 of the Dungeon.
             The game lasted 00:01:36 (1399 turns).

MackTheKnife the Ducker (Merfolk Warper)            Turns: 1399, Time: 00:01:37

Health: 0/28       AC:  8    Str: 11    XL:     3   Next: 54%
Magic:  6/6        EV: 13    Int: 12    God:
Gold:   9          SH:  0    Dex: 15    Spells: 6/6 levels left

rFire   . . .        a - +0 spear {polearm}
rCold   . . .        (no shield)
rNeg    . . .        b - +0 leather armour
rPois   .            m - +2 helmet
rElec   .            (no cloak)
rCorr   .            n - +0 pair of gloves
SInv    .            l - +0 pair of boots
Will    .....        (no amulet)
Stlth   +            (no ring)
HPRegen 0.24/turn    (no ring)
MPRegen 0.10/turn

%: no passive effects
@: no status effects
A: (nimble swimmer 2), mertail
a: no special abilities


You were on level 2 of the Dungeon.
You visited 1 branch of the dungeon, and saw 2 of its levels.

You collected 9 gold pieces.


Innate Abilities, Weirdness & Mutations

((You are very nimble when in or above water. (Stealth+, EV+, Speed+++)))
Your lower body shifts to a powerful aquatic tail in water.


   Skills:
 - Level 2.5 Fighting
 + Level 3.9 Polearms
 - Level 1.0 Throwing
 - Level 0.6 Armour
 + Level 3.9 Dodging
 - Level 2.0 Spellcasting
 - Level 2.4 Translocations


You had 6 spell levels left.
You didn't know any spells.
Your spell library contained the following spells:

 Spells                   Type           Power      Damage    Failure   Level
 Blink                    Tloc           12%        N/A       21%         2
 Lesser Beckoning         Tloc           12%        N/A       21%         2
 Teleport Other           Tloc           6%         N/A       38%         3
 Vhi's Electric Charge    Tloc/Air       8%         N/A       54%         3
 Manifold Assault         Tloc           6%         N/A       80%         4

Inventory:

Hand Weapons
 a - a +0 spear (weapon) {polearm}
Missiles
 d - 7 darts of dispersal (quivered) {=f!fthrowing}
 e - 6 poisoned darts {throwing}
Armour
 b - a +0 leather armour (worn)
 l - a +0 pair of boots (worn)
   (You found it on level 1 of the Dungeon)
 m - a +2 helmet (worn)
   (You found it on level 2 of the Dungeon)
 n - a +0 pair of gloves (worn)
   (You found it on level 2 of the Dungeon)
Scrolls
 c - a scroll of blinking {!r}
 f - a scroll of teleportation {unknown}
 o - a scroll of identify {unknown}
 p - a scroll of vulnerability {unknown}
 q - a scroll of revelation {unknown}
Potions
 g - a potion of degeneration {unknown}
 h - a potion of cancellation {unknown}
 i - a potion of attraction {unknown}
 j - 2 potions of curing {unknown}
 k - a potion of resistance {unknown}

Dungeon Overview and Level Annotations

Branches:
Dungeon (2/15) Zot: 10611

Altars:

...............#################
...............'................
######.###.....####..###.#######
#.# #.....#####.###.....# #.#
♣♣#####.#.PPP##P..#.♣P.# #.♣
♣P.##P.P..PP.P..PP.♣ P.♣
♣.......P..P.P♣.P♣.P# ♣.♣
♣♣...P.........♣.P♣ # .♣.
♣..♣.@..###...P..♣♣# ♣ P
♣♣...J..+ #.......♣ ♣♣..)..#
#....P.♣♣ ♣...........P....♣
P....$....P♣.......♣
P..P8.8..P♣P..♣......
♣♣........♣P..♣♣PP♣..#
♣♣♣P......♣.♣♣


You could see an endoplasm.


Message History

😕 HP[+1]
You reach to attack!
You hit the gnoll but do no damage.
The gnoll hits you from afar with a +0 spear. 😕 HP[-2]
You take 2 damage, and now have 25/28 hp.
You reach to attack!
You closely miss the gnoll.
The gnoll hits you from afar with a +0 spear. 😕 HP[-2]
You take 2 damage, and now have 23/28 hp.
You reach to attack!
You hit the gnoll. The gnoll barely misses you.
You hit the endoplasm.
The gnoll hits you from afar with a +0 spear.
The endoplasm barely misses you. 😮 HP[-3]
You take 3 damage, and now have 20/28 hp.
You are too injured to fight recklessly!
You are too injured to fight recklessly!
You are too injured to fight recklessly!
You are too injured to fight recklessly!
You are too injured to fight recklessly!
You are too injured to fight recklessly!
You are too injured to fight recklessly!
You are too injured to fight recklessly!
You are too injured to fight recklessly!
You are too injured to fight recklessly!
You are too injured to fight recklessly!
You are too injured to fight recklessly!
You are too injured to fight recklessly!
You are too injured to fight recklessly!
You are too injured to fight recklessly!
You are too injured to fight recklessly!
Reach: a) +0 spear {polearm}
Press: ? - help, Dir - move target, f/p - gnoll
Aim: a gnoll, wielding a +0 spear (heavily wounded, about 34% to evade your +0 spear)
You reach to attack!
You hit the gnoll. The endoplasm freezes you.
You are frozen.
The gnoll closely misses you. 😮 HP[-3]
You take 3 damage, and now have 17/28 hp.
Reach: a) +0 spear {polearm}
Press: ? - help, Dir - move target, f/p - gnoll
Aim: a gnoll, wielding a +0 spear (almost dead, about 34% to evade your +0 spear)
The endoplasm is in the way.
You barely miss the endoplasm.
Reach: a) +0 spear {polearm}
Press: ? - help, Dir - move target, f/p - gnoll
Aim: a gnoll, wielding a +0 spear (almost dead, about 34% to evade your +0 spear)
The endoplasm is in the way.
You hit the endoplasm but do no damage.
The gnoll hits you from afar with a +0 spear!
* * * LOW HITPOINT WARNING * * *
The endoplasm closely misses you. 😨 HP[-7]
You take 7 damage, and now have 10/28 hp.
MASSIVE DAMAGE!! (PAUSE) Reach: a) +0 spear {polearm}
Press: ? - help, Dir - move target, f/p - gnoll
Aim: a gnoll, wielding a +0 spear (almost dead, about 34% to evade your +0 spear)
The endoplasm is in the way.
You hit the endoplasm. The gnoll misses you. The endoplasm freezes you.
You are frozen.
* * * LOW HITPOINT WARNING * * *
😱 HP[-3]
You take 3 damage, and now have 7/28 hp.
Reach: a) +0 spear {polearm}
Press: ? - help, Dir - move target, f/p - gnoll
Aim: a gnoll, wielding a +0 spear (almost dead, about 34% to evade your +0 spear)
The endoplasm is in the way.
You barely miss the endoplasm. The gnoll hits you but does no damage.
The endoplasm hits you but does no damage. 😨 HP[+1] Reach: a) +0 spear {polearm}
Press: ? - help, Dir - move target, f/p - gnoll
Aim: a gnoll, wielding a +0 spear (almost dead, about 34% to evade your +0 spear)
You reach to attack!
You hit the gnoll but do no damage. The gnoll barely misses you.
The endoplasm closely misses you.
Reach: a) +0 spear {polearm}
Press: ? - help, Dir - move target, f/p - gnoll
Aim: a gnoll, wielding a +0 spear (almost dead, about 34% to evade your +0 spear)
The endoplasm is in the way.
You hit the endoplasm but do no damage.
The gnoll hits you from afar with a +0 spear.
* * * LOW HITPOINT WARNING * * *
The endoplasm barely misses you. 😱 HP[-6]
You take 6 damage, and now have 2/28 hp.
MASSIVE DAMAGE!! (PAUSE)
Okay, then.
Unknown command.
Reach: a) +0 spear {polearm}
Press: ? - help, Dir - move target, f/p - gnoll
Aim: a gnoll, wielding a +0 spear (almost dead, about 34% to evade your +0 spear)
The endoplasm is in the way.
You hit the endoplasm but do no damage. The gnoll hits you but does no damage.
The endoplasm hits you but does no damage.
Reach: a) +0 spear {polearm}
Press: ? - help, Dir - move target, f/p - gnoll
Aim: a gnoll, wielding a +0 spear (almost dead, about 34% to evade your +0 spear)
You reach to attack!
You hit the gnoll.
You kill the gnoll!
The endoplasm freezes you.
You are frozen.
You die...

Skill      XL: |  1 |
---------------+----+-----
Polearms       | 3 |  3.9
Dodging        | 3 |  3.9
Fighting       | |  2.5
Throwing       | |  1.0
Armour         | |  0.6
Spellcasting   | |  2.0
Translocations | |  2.4

Action                     || total
---------------------------++-------
  Melee: Spear             ||   154
         Punch             ||     4
   Stab: Sleeping          ||     2
 Armour: Leather armour    ||    25
  Dodge: Dodged            ||    73

Levels and vault maps discovered:
D:1:      saegor_arrival_simple_b, layout_basic, fountainhead
D:2:      wad_woods_settlement, layout_basic, serial_rivers,
          chequers_serial_rivers_large_a, chequers_serial_rivers_small_b,
          chequers_serial_rivers_micro_d, chequers_serial_rivers_micro_d,
          item_on_display_a

Notes
Turn   | Place    | Note
-------+----------+-------------------------------------------
     0 | D:1      | MackTheKnife the Merfolk Warper began the quest for the
                  | Orb.
     0 | D:1      | Reached XP level 1. HP: 16/16 MP: 3/3
     0 | D:1      | magus.rc [v1.9.6]
    63 | D:1      | Reached skill level 3 in Polearms
    63 | D:1      | Reached skill level 3 in Dodging
   110 | D:1      | Reached XP level 2. HP: 23/23 MP: 5/5
   520 | D:1      | Reached XP level 3. HP: 23/28 MP: 6/6
  1394 | D:2      | HP: 7/28 [frozen (3)]
  1397 | D:2      | HP: 2/28 [gnoll/+0 spear (6)]
  1399 | D:2      | Frozen to death by an endoplasm

Vanquished Creatures
  A gnoll (D:2)
  A dart slug (D:1)
  6 bats
  4 endoplasms (D:1)
  3 giant cockroaches (D:1)
  4 goblins (D:1)
  5 quokkas
  2 ball pythons (D:1)
  2 frilled lizards (D:1)
  6 kobolds
  2 rats (D:1)
36 creatures vanquished.

Table legend:
 A = Non-vault XP
 B = Vault XP
 C = Vault XP percentage of total XP
 D = Non-vault monster count
 E = Vault monster count
 F = Vault count percentage of total count
                 A         B        C        D         E       F
            +---------+---------+-------+---------+---------+-------
      Total |      58 |      16 |  21.6 |      34 |       2 |   5.6
            +---------+---------+-------+---------+---------+-------
        D:1 |      55 |       0 |   0.0 |      32 |       0 |   0.0
        D:2 |       3 |      16 |  84.2 |       2 |       2 |  50.0
            +---------+---------+-------+---------+---------+-------

Skill      XL: |  1 |
---------------+----+-----
Polearms       | 3 |  3.9
Dodging        | 3 |  3.9
Fighting       | |  2.5
Throwing       | |  1.0
Armour         | |  0.6
Spellcasting   | |  2.0
Translocations | |  2.4

Action                     || total
---------------------------++-------
  Melee: Spear             ||   154
         Punch             ||     4
   Stab: Sleeping          ||     2
 Armour: Leather armour    ||    25
  Dodge: Dodged            ||    73

Illustrated notes

Table legend:
 A = Kills in this place as a percentage of kills in the entire game.
 B = Kills by you in this place as a percentage of kills by you in the entire game.
 C = Kills by friends in this place as a percentage of kills by friends in the entire game.
 D = Other kills in this place as a percentage of other kills in the entire game.
 E = Experience gained in this place as a percentage of experience gained in the entire game.
 F = Experience gained in this place divided by the number of levels of this place that you have seen.
                   A       B       C       D       E      F
               +-------+-------+-------+-------+-------+----------------------
         Total | 100.0 | 100.0 |   N/A |   N/A | 100.0 |  37.0
       Dungeon | 100.0 | 100.0 |   N/A |   N/A | 100.0 |  37.0
               +-------+-------+-------+-------+-------+----------------------

Table legend: (Time is in decaauts)
 A = Elapsed time spent in this place.
 B = Non-inter-level travel time spent in this place.
 C = Inter-level travel time spent in this place.
 D = Time resting spent in this place.
 E = Time spent auto-exploring this place.
 F = Levels seen in this place.
 G = Mean time per level.
                   A        B        C        D        E       F      G
               +--------+--------+--------+--------+--------+-----+--------+
         Total |   1387 |   1326 |     61 |     29 |   1031 |   2 |  693.5 |
       Dungeon |   1387 |   1326 |     61 |     29 |   1031 |   2 |  693.5 |
               +--------+--------+--------+--------+--------+-----+--------+

Top non-repeatable levels by time:
     D:1: 1181 daAuts
     D:2: 206 daAuts
